 Dungeon Crawl Stone Soup version 0.28.0 (webtiles) character file.

Game seed: 2610617931509711887

5700 browni3141 the Fighter (level 10, -2/93 HPs)
             Began as a Minotaur Berserker on Feb 14, 2022.
             Was a Priest of Trog.
             Killed from afar by Erica (3 damage)
             ... with a lance of force
             ... on level 8 of the Dungeon.
             The game lasted 00:04:54 (9974 turns).

browni3141 the Fighter (Minotaur Berserker)         Turns: 9974, Time: 00:04:55

Health: -2/93      AC: 17    Str: 21    XL:     10   Next: 48%
Magic:  0/9        EV: 14    Int:  4    God:    Trog [***...]
Gold:   781        SH:  0    Dex: 15    Spells: 9/9 levels left

rFire   . . .      SeeInvis .   D - +0 battleaxe
rCold   . . .      Faith    .   (shield currently unavailable)
rNeg    . . .      Spirit   +   J - +0 plate armour
rPois   .          Reflect  .   (helmet restricted)
rElec   .          Harm     .   m - +0 cloak
rCorr   .          Rampage  .   (no gloves)
Will    .....                   q - +0 pair of boots
Stlth   ..........              x - amulet of guardian spirit
HPRegen 0.25/turn               v - +4 ring of evasion
MPRegen 0.11/turn               (no ring)

@: confused, lethally poisoned (-2 -> -12), on berserk cooldown, slowed, very
slow
A: horns 2, retaliatory headbutt
a: Renounce Religion, Berserk, Trog's Hand


You were on level 8 of the Dungeon.
You worshipped Trog.
Trog was most pleased with you.
You visited 1 branch of the dungeon, and saw 8 of its levels.
You also visited: Bailey.

You collected 781 gold pieces.

Inventory:

Hand Weapons
 a - a +0 hand axe
 D - a +0 battleaxe (weapon)
 F - a +0 broad axe
Missiles
 G - 4 datura-tipped darts (quivered)
Armour
 b - a +0 animal skin
 m - a +0 cloak (worn)
 q - a +0 pair of boots (worn)
 r - a +0 chain mail
 J - a +0 plate armour (worn)
Jewellery
 v - a +4 ring of evasion (left hand)
 x - an amulet of guardian spirit (around neck)
Wands
 n - a wand of flame (27)
 o - a wand of digging (9)
Scrolls
 c - 8 scrolls of identify {unknown}
 f - 3 scrolls of teleportation {unknown}
 g - 4 scrolls of noise {unknown}
 j - a scroll of enchant weapon {unknown}
 l - a scroll of magic mapping {unknown}
 p - 3 scrolls of brand weapon {unknown}
 s - 2 scrolls of blinking {unknown}
 t - a scroll of silence {unknown}
 y - a scroll of fog {unknown}
 z - a scroll of holy word {unknown}
 A - a scroll of acquirement {unknown}
 H - a scroll of fear {unknown}
 K - a scroll of immolation {unknown}
Potions
 d - 2 potions of might {unknown}
 e - 2 potions of heal wounds {unknown}
 h - a potion of brilliance {unknown}
 i - 4 potions of curing
 k - a potion of attraction {unknown}
 u - a potion of cancellation {unknown}
 w - a potion of haste {unknown}
 B - a potion of mutation {unknown}
 C - a potion of magic {unknown}
 E - a potion of lignification {unknown}
 I - a potion of berserk rage {unknown}
 L - a potion of invisibility {unknown}


   Skills:
 + Level 10.1 Fighting
 + Level 10.1 Axes
 + Level 9.8 Armour
 + Level 9.0 Dodging


You had 9 spell levels left.
You didn't know any spells.
Your spell library was empty.

Dungeon Overview and Level Annotations

Branches:
Dungeon (8/15)             Temple (0/1) D:5          Bailey (visited)
   Lair: D:8-11

Altars:
Yredelemnul

Shops:
D:3 *

Portals:
Abyss: D:7

Annotations:
D:7 2 transporters, Heh's ghost, novice OpAM
D:8 Erica


Innate Abilities, Weirdness & Mutations

You have a pair of horns on your head.
You reflexively headbutt those who attack you in melee.


Message History

Something hits you but does no damage.
You are too confused!
You bump into the rock wall.
You feel sick. Something hits you! Something burns you.
You are too confused!
You bump into the rock wall.
You feel your anger nearly subside.
You are no longer berserk.
You are exhausted.
You feel yourself slow down.
You feel sick. Something barely misses you.
You barely miss something. You headbutt something.
You feel sick. Something hits you! Something burns you.
You are too confused!
You bump into the rock wall.
You feel sick.
You are no longer poisoned.
Something hits you! Something burns you. Something hits you.
Something burns you.
You barely miss something. Your headbutt misses something.
You feel less confused.
Something hits you but does no damage. x2
You closely miss something. Something hits you! Something burns you.
You closely miss something. Your headbutt misses something.
Something hits you but does no damage.
You hear some strange, mumbled words.
You are confused.
You bump into the rock wall.
Something hits you.
* * * LOW HITPOINT WARNING * * *
Something burns you.
* * * LOW HITPOINT WARNING * * *
You hear some strange, mumbled words.
A bolt of poison appears from out of thin air!
The bolt of poison hits you!!
You are poisoned.
* * * LOW HITPOINT WARNING * * *
You bump into the rock wall.
* * * LOW HITPOINT WARNING * * *
You feel very sick.
You hear some strange, mumbled words.
A lance of force appears from out of thin air!
The lance of force hits you.
You die...

##### #.# #..
##...## #.####..
#..#..###.......
#.###....#####..
#..#..##........
##...###########
##.##
#.########.#
#....{@....#
############


There were no monsters in sight!

Vanquished Creatures
  A two-headed ogre (D:8)
  2 orc knights (Bailey)
  Maggie (D:7)
  Grinder (D:4)
  Menkaure (D:7)
  Edmund (D:4)
  A water moccasin (D:8)
  A sky beast (D:7)
  2 black bears
  9 orc warriors
  An ice beast (D:7)
  2 centaurs (D:6)
  3 ogres
  6 kobold brigands (Bailey)
  A gnoll sergeant (D:8)
  A bullfrog (D:6)
  A wyvern zombie (D:6)
  A scorpion (D:6)
  A water moccasin zombie (D:6)
  A water moccasin skeleton (D:5)
  3 killer bees (D:8)
  3 howler monkeys
  A centaur zombie (D:5)
  A gnoll shaman (D:7)
  3 orc priests
  Crazy Yiuf (D:4)
  A hound (D:5)
  2 jellies
  3 iguanas
  2 centaur skeletons
  Ijyb (D:4)
  7 orc wizards
  11 gnolls
  6 adders
  3 white imps
  An ufetubus (D:7)
  2 dart slugs
  20 orcs
  3 endoplasms
  2 giant cockroaches
  8 goblins
  3 hobgoblins
  15 kobolds
  4 quokkas
  4 ball pythons
  5 bats
  2 frilled lizards
  9 rats
164 creatures vanquished.

Vanquished Creatures (others)
  An orc (D:7)
1 creature vanquished.

Grand Total: 165 creatures vanquished

Notes
Turn   | Place    | Note
-------+----------+-------------------------------------------
     0 | D:1      | browni3141 the Minotaur Berserker began the quest for the
                  | Orb.
     0 | D:1      | Reached XP level 1. HP: 19/19 MP: 0/0
   334 | D:1      | Reached XP level 2. HP: 25/27 MP: 1/1
  1169 | D:2      | Reached XP level 3. HP: 20/33 MP: 2/2
  1793 | D:2      | Reached XP level 4. HP: 38/41 MP: 3/3
  2598 | D:3      | Found Hoezeedu's General Store.
  2667 | D:3      | Found a faded altar of an unknown god.
  3062 | D:4      | Noticed Ijyb
  3090 | D:4      | Killed Ijyb
  3562 | D:4      | Reached XP level 5. HP: 42/47 MP: 4/4
  3777 | D:4      | Noticed Edmund
  3791 | D:4      | Killed Edmund
  3792 | D:4      | Reached skill level 5 in Fighting
  3792 | D:4      | Reached skill level 5 in Axes
  3792 | D:4      | Reached XP level 6. HP: 16/56 MP: 5/5
  4049 | D:4      | Noticed Grinder
  4056 | D:4      | Killed Grinder
  4159 | D:4      | Reached skill level 5 in Armour
  4159 | D:4      | Reached XP level 7. HP: 56/62 MP: 6/6
  4359 | D:4      | Found a runed translucent door.
  4360 | D:4      | Noticed Crazy Yiuf
  4642 | D:4      | Killed Crazy Yiuf
  4642 | D:4      | Reached ** piety under Trog
  4797 | D:5      | Entered Level 5 of the Dungeon
  4822 | D:5      | Reached skill level 5 in Dodging
  5014 | D:5      | Found a staircase to the Ecumenical Temple.
  5298 | D:5      | Reached XP level 8. HP: 71/71 MP: 7/7
  7251 | D:7      | Found a transporter.
  7252 | D:7      | Noticed a white ugly thing
  7368 | D:7      | Noticed Menkaure
  7377 | D:7      | Killed Menkaure
  7378 | D:7      | Reached XP level 9. HP: 60/81 MP: 3/8
  7571 | D:7      | Found a transporter.
  7636 | D:7      | Noticed Heh's ghost (novice OpAM)
  7637 | D:7      | Found a one-way gate to the infinite horrors of the Abyss.
  7666 | D:7      | Noticed Maggie
  7666 | D:7      | Found a basalt altar of Yredelemnul.
  7702 | D:7      | Killed Maggie
  8643 | D:8      | Found a flagged portal.
  8655 | Bailey   | Entered a bailey
  8674 | Bailey   | Reached *** piety under Trog
  8783 | Bailey   | Noticed an orc knight
  8790 | Bailey   | Killed an orc knight
  8974 | Bailey   | Noticed an orc knight
  8976 | Bailey   | Found an iron altar of Okawaru.
  8983 | Bailey   | Reached XP level 10. HP: 91/91 MP: 9/9
  8983 | Bailey   | Killed an orc knight
  9097 | Bailey   | Identified the +9 trident of Usohugho {speed, Str+4 Stlth+}
  9268 | D:8      | Noticed a two-headed ogre
  9275 | D:8      | Killed a two-headed ogre
  9276 | D:8      | Reached skill level 10 in Fighting
  9276 | D:8      | Reached skill level 10 in Axes
  9958 | D:8      | Noticed Erica
  9974 | D:8      | HP: 1/93 [poisoned by Erica (bolt of poison)]
  9974 | D:8      | Killed from afar by Erica

Illustrated notes

Levels and vault maps discovered:
D:1:      saegor_arrival_simple_e, layout_rooms, serial_bayou,
          serial_bayou_pond_e, serial_bayou_lagoon_a, serial_bayou_shore_b,
          serial_bayou_pond_d
D:2:      minmay_inner_zag, layout_rooms
D:3:      layout_basic, serial_shops, shop,
          shapermc_ecumenical_altar_flowoftime, chequers_decorated_corner,
          chequers_serial_rivers_micro_a, minmay_misc_feat_enclosed,
          chequers_mini_garden, serial_bayou_pond_e, corexii_corridor_pit
D:4:      layout_loops_corners, uniq_crazy_yiuf_cottage, uniq_ijyb, uniq_edmund,
          uniq_grinder
D:5:      layout_loops_cross, minmay_temple_entry_junction, sigmund_army
D:6:      layout_basic, mrwooster_statue_mirror
D:7:      cheibrodos_quashed, layout_basic, mainiacjoe_overflow_catwalk,
          gammafunk_ghost_abyssal_escape, uniq_maggie, uniq_menkaure
D:8:      layout_loops_ring, enter_bailey_5, uniq_erica

Skill      XL: |  1  2  3  4  5  6  7  8  9 10 |
---------------+-------------------------------+-----
Fighting       | 4 5 6 7 9 10 | 10.1
Axes           | 4 5 6 7 9 10 | 10.1
Armour         | 3 4 5 6 7 9 |  9.8
Dodging        | 3 4 5 6 8 9 |  9.0

Action                   |  1- 3 |  4- 6 |  7- 9 | 10-12 || total
-------------------------+-------+-------+-------+-------++-------
Melee: Hand axe          |    92 |    84 |   271 |       ||   447
       Headbutt          |     9 |    14 |    54 |     9 ||    86
       Punch             |       |     1 |     3 |       ||     4
       Battleaxe         |       |       |    31 |    52 ||    83
Invok: Berserk           |       |     4 |     8 |     3 ||    15
       Trog's Hand       |       |       |     1 |       ||     1
 Stab: Sleeping          |     1 |       |       |       ||     1
Armor: Animal skin       |    16 |     9 |     4 |       ||    29
       Chain mail        |       |       |   136 |       ||   136
       Plate armour      |       |       |       |    31 ||    31
Dodge: Dodged            |    61 |    50 |   240 |    49 ||   400
